 Dungeon Crawl Stone Soup version 0.24-a0-446-g87df7205b4 (webtiles) character file.

Game seed: 10491767802594819915

4597 yamsk the Fighter (level 10, -8/78 HPs)
             Began as an Octopode Chaos Knight on June 23, 2019.
             Was a Priest of Ru.
             Killed from afar by an efreet (34 damage)
             ... with a bolt of fire
             ... on level 8 of the Dungeon.
             The game lasted 00:13:49 (8869 turns).

yamsk the Fighter (Octopode Chaos Knight)           Turns: 8869, Time: 00:13:50

Health: -8/78      AC:  5    Str: 17    XL:     10   Next: 41%
Magic:  10/10      EV: 21    Int: 14    God:    Ru [***...]
Gold:   234        SH:  5    Dex: 15    Spells: 9/9 levels left

rFire    . . .     SeeInvis .   u - +2 spear (venom)
rCold    + . .     Gourm    .   p - +0 buckler
rNeg     + . .     Faith    .   (helmet restricted)
rPois    +         Spirit   .   (no amulet)
rElec    .         Reflect  .   n - ring of protection from magic
rCorr    .         Harm     .   D - ring of poison resistance
MR       +....     Clarity  +   G - ring of positive energy
Stlth    ++........             (no ring)
HPRegen  0.23/turn              (no ring)
MPRegen  0.12/turn              (no ring)
                                (no ring)
                                (no ring)

@: mighty
A: almost no armour, stealthy swim, amphibious, 8 rings, constrict 8, antennae
1, repulsion field 1, slimy green scales 1, thin metallic scales 1, camouflage
1, clarity, cold resistance 1, low mp 1, gelatinous body 1, inability to use
devices, MP-powered wands
a: Draw Out Power, Renounce Religion


You were on level 8 of the Dungeon.
You worshipped Ru.
Ru was most pleased with you.
You were hungry.

You visited 2 branches of the dungeon, and saw 9 of its levels.

You collected 360 gold pieces.
You spent 126 gold pieces at shops.

Inventory:

Hand Weapons
 a - a +0 short sword of chaos
 o - a +0 flail
 u - a +2 spear of venom (weapon)
 A - the +1 dagger "Boekhed" {pierce, rF+ rC- rN+ Str+3}
   (You found it on level 6 of the Dungeon)

   It inflicts extra damage upon your enemies.
   It affects your strength (+3).
   It protects you from fire.
   It makes you vulnerable to cold.
   It protects you from negative energy.
 B - a +3 spear
 F - a +3 quarterstaff of chaos
 L - a +3 spear of piercing
Armour
 p - a +0 buckler (worn)
Magical Staves
 M - an uncursed staff of death {unknown}
Jewellery
 n - a ring of protection from magic (left tentacle)
 D - a ring of poison resistance (right tentacle)
 E - an uncursed ring of see invisible {unknown}
 G - a ring of positive energy (on tentacle)
 I - a cursed +2 ring of dexterity
 J - the ring "Basmiel" {rC+ Str+4}
   (You took it off a meliai on level 8 of the Dungeon)

   [ring of protection from cold]

   It affects your strength (+4).
   It protects you from cold.
 K - an uncursed ring of fire {unknown}
Wands
 d - a wand of iceblast (8)
 l - a wand of flame (42)
 H - a wand of enslavement (6)
Scrolls
 c - 5 scrolls of teleportation {@r3}
 e - a scroll of enchant armour
 f - 2 scrolls of enchant weapon {unknown}
 g - a scroll of fog {unknown}
 i - 2 scrolls of remove curse {@r2}
 y - 2 scrolls of immolation {unknown}
 C - a scroll of noise {unknown}
Potions
 h - a potion of cancellation
 j - 7 potions of curing {@q1}
 m - a potion of haste
 q - 2 potions of flight
 r - a potion of brilliance {unknown}
 s - a potion of agility {unknown}
 t - a potion of berserk rage {unknown}
 v - a potion of magic {unknown}
 w - a potion of heal wounds
 z - a potion of degeneration
Comestibles
 b - 22 rations
 k - 3 chunks of flesh


   Skills:
 + Level 11.0 Fighting
 - Level 3.0 Short Blades
 * Level 9.2 Dodging
 - Level 5.1 Shields
   Level 0.0 Evocations


You had 9 spell levels left.
You didn't know any spells.
Your spell library was empty.

Dungeon Overview and Level Annotations

Branches:
Dungeon (8/15)             Temple (1/1) D:4            Lair (0/6) D:8

Altars:
Ashenzari
Cheibriados
Fedhas
Gozag
Kikubaaqudgha
Makhleb
Nemelex Xobeh
Okawaru
Ru
Sif Muna
Trog
Uskayaw
Wu Jian
Xom
Yredelemnul
The Shining One

Shops:
D:5 }![}   D:7 %   D:8 =

Annotations:
D:8 1 runed translucent door


Innate Abilities, Weirdness & Mutations

You cannot wear most types of armour.
You are very stealthy in the water. (Stealth+)
You are amphibious.
You can wear up to eight rings at the same time.
You can use your tentacles to constrict eight enemies at once.
Your skin changes colour to match your surroundings (Stealth+).
Your magical capacity is low. (-10% MP)
Your rubbery body absorbs attacks. (AC +1, EV +1)
You cannot study or use magical devices.
You have a pair of small antennae on your head.
You are surrounded by a mild repulsion field. (EV +2)
You are partially covered in slimy green scales. (AC +2)
You are partially covered in thin metallic scales. (AC +2)
You possess an exceptional clarity of mind.
Your flesh is cold resistant. (rC+)
You expend magic power (3 MP) to strengthen your wands.


Message History

You hit the efreet but do no damage. You squeeze the efreet!
The efreet gestures at you.
The fireball explodes!
The fireball engulfs you!!
The fireball engulfs the efreet.
The efreet completely resists.
The efreet barely misses you.
You hit the efreet but do no damage.
You feel much better. The efreet gestures at you. The bolt of fire hits you!!
* * * LOW HITPOINT WARNING * * *
You feel much better. You block the efreet's attack.
You puncture the efreet!
The efreet hits you with a +3 scimitar of flaming!!
The efreet burns you.
You focus your will and slow the efreet in retribution!
You hit the efreet but do no damage. The efreet gestures at you.
The bolt of fire hits you!!
You die...
Xom chortles!

#♣....♣# #..#### ####.# #.#
....P..# ###...######.# #.#
..P_..♣# #.#......#.####.#
....P..# ###...######......#
#♣....♣# #..#### ####.######
###♣...# #.## ###..#.#
..###♣.###.# ##..#.#.#
....###..#.#####'##.#.## #
......##..##..#.@.#.#..# #
##.....###..#.#.R.#.#..# #
#####...####.##+##.#..# ### # #
###...###...##.#..## ##.## # #
###...######.#...###.#.###
##########.....####.#.#......#.##
.........>####...###...∩###...>..
##########.###.#.......#####.####
# ##...##.................


You could see an efreet.

Vanquished Creatures
  A two-headed ogre (D:8)
  A centaur warrior (D:8)
  A komodo dragon (D:8)
  A meliai (D:8)
  A wyvern (D:8)
  4 porcupines (D:8)
  3 orc warriors
  An ice beast (D:6)
  A black bear (D:8)
  2 sky beasts
  2 ogres
  2 centaurs
  A bullfrog (D:7)
  5 scorpions
  3 howler monkeys
  A centaur zombie (D:6)
  A crimson imp (D:8)
  3 jellies (D:8)
  6 hounds
  2 orc priests
  Crazy Yiuf (D:7)
  6 orc wizards
  A centaur skeleton (D:7)
  An iguana (D:8)
  7 worker ants
  A hound zombie (D:6)
  7 gnolls (D:5)
  8 adders
  A shadow imp (D:7)
  6 oozes
  2 adder zombies
  6 worms
  3 dart slugs
  5 leopard geckos
  23 orcs
  A ball python (D:4)
  6 bats
  5 giant cockroaches
  7 goblins
  11 hobgoblins
  10 jackals
  7 kobolds
  3 quokkas
  8 frilled lizards
  2 leopard gecko skeletons
  A leopard gecko zombie (D:7)
  6 rats
  A fungus (D:7)
188 creatures vanquished.

Vanquished Creatures (others)
  A deep elf mage (D:8)
  A slime creature (D:8)
  2 orcs
  27 fungi (D:8)
  4 plants (D:8)
35 creatures vanquished.

Grand Total: 223 creatures vanquished

Notes
Turn   | Place    | Note
-------+----------+-------------------------------------------
     0 | D:1      | yamsk the Octopode Chaos Knight began the quest for the
                  | Orb.
     0 | D:1      | Reached XP level 1. HP: 16/16 MP: 1/1
    33 | D:1      | XOM: harmless Erth miscast
   180 | D:1      | Reached XP level 2. HP: 21/21 MP: 2/2
   419 | D:1      | Reached XP level 3. HP: 21/27 MP: 3/3
   470 | D:1      | XOM: silly message
   576 | D:1      | XOM: harmless Ice miscast
   923 | D:1      | XOM: scenery: create altars
   939 | D:2      | Reached skill level 4 in Fighting
  1130 | D:2      | Reached XP level 4. HP: 32/33 MP: 4/4
  1461 | D:2      | XOM: give mutations
  1461 | D:2      | Gained mutation: You are surrounded by a mild repulsion
                  | field. (EV +2) [Xom's grace]
  1461 | D:2      | Gained mutation: You are partially covered in thin metallic
                  | scales. (AC +2) [Xom's grace]
  1461 | D:2      | Gained mutation: You possess an exceptional clarity of
                  | mind. [Xom's grace]
  1461 | D:2      | Gained mutation: You expend magic power (3 MP) to
                  | strengthen your wands. [Xom's grace]
  1783 | D:2      | XOM: god gift: 27 stones
  1965 | D:3      | XOM: give mutations
  1965 | D:3      | Gained mutation: You have a pair of small antennae on your
                  | head. [Xom's grace]
  1965 | D:3      | Gained mutation: Your flesh is cold resistant. (rC+) [Xom's
                  | grace]
  1965 | D:3      | Gained mutation: You are partially covered in slimy green
                  | scales. (AC +2) [Xom's grace]
  1965 | D:3      | Gained mutation: You have an increased reservoir of magic.
                  | (+10% MP) [Xom's grace]
  1972 | D:3      | Reached skill level 5 in Fighting
  1972 | D:3      | Reached XP level 5. HP: 38/39 MP: 5/5
  2040 | D:3      | Noticed an orc warrior
  2040 | D:3      | XOM: enchant monster (bad)
  2328 | D:4      | Found a staircase to the Ecumenical Temple.
  2390 | D:4      | Reached XP level 6. HP: 30/46 MP: 6/6
  2525 | D:4      | Reached skill level 6 in Fighting
  3015 | Temple   | Entered the Ecumenical Temple
  3044 | Temple   | Fell from the grace of Xom
  3044 | Temple   | Became a worshipper of Ru the Awakened
  3210 | D:4      | Reached XP level 7. HP: 39/53 MP: 7/7
  3306 | D:5      | Entered Level 5 of the Dungeon
  3314 | D:5      | Reached skill level 1 in Shields
  3332 | D:5      | Found Osuxziqe's Gadget Shoppe.
  3445 | D:5      | Found Bawn's Antique Armour Shop.
  3675 | D:5      | Found Kiream's Gadget Shop.
  4035 | D:5      | XOM: stat loss: -1 Str (10/11)
  4088 | D:5      | Reached skill level 7 in Fighting
  4350 | D:5      | Reached skill level 5 in Dodging
  4562 | D:5      | Found Wiuc Dump's Distillery.
  4568 | D:5      | Bought a potion of heal wounds for 70 gold pieces
  4568 | D:5      | Bought a potion of might for 56 gold pieces
  4720 | D:6      | Reached XP level 8. HP: 58/60 MP: 8/8
  4948 | D:6      | Lost mutation: You have an increased reservoir of magic.
                  | (+10% MP) [Ru sacrifice]
  4948 | D:6      | Gained mutation: Your magical capacity is low. (-10% MP)
                  | [Ru sacrifice]
  4948 | D:6      | Reached * piety under Ru
  5133 | D:6      | Got a brightly glowing dagger
  5134 | D:6      | Identified the cursed +1 dagger "Boekhed" {pierce, rF+ rC-
                  | rN+ Str+3} (You found it on level 6 of the Dungeon)
  5164 | D:6      | Found a blossoming altar of Fedhas.
  5396 | D:7      | XOM: mild Summ miscast
  5406 | D:7      | XOM: summons 7 hostile demons
  5639 | D:7      | Reached skill level 8 in Fighting
  5794 | D:7      | Found Uqed's Food Shop.
  5805 | D:7      | Found an opulent altar of Gozag.
  6132 | D:7      | Reached skill level 5 in Shields
  6134 | D:7      | XOM: mild Air miscast
  6443 | D:7      | Found a runed translucent door.
  6444 | D:7      | Noticed Crazy Yiuf
  6452 | D:7      | Killed Crazy Yiuf
  6527 | D:8      | Reached XP level 9. HP: 43/67 MP: 8/8
  6543 | D:7      | XOM: mild Ice miscast
  6761 | D:3      | Reached skill level 9 in Fighting
  7095 | D:8      | Noticed a two-headed ogre
  7111 | D:8      | Killed a two-headed ogre
  7420 | D:8      | XOM: divination: detect items
  7445 | D:8      | Found Semaila's Jewellery Boutique.
  7512 | D:8      | Reached skill level 10 in Fighting
  7551 | D:8      | Identified the ring "Basmiel" {rC+ Str+4}
  7551 | D:8      | Noticed a meliai
  7557 | D:8      | Killed a meliai
  7866 | D:8      | Found a staircase to the Lair.
  7875 | D:8      | Reached skill level 1 in Evocations
  7885 | D:8      | Reached XP level 10. HP: 60/77 MP: 8/9
  7889 | D:8      | Gained mutation: You cannot study or use magical devices.
                  | [Ru sacrifice]
  7889 | D:8      | Reached ** piety under Ru
  7889 | D:8      | Reached *** piety under Ru
  7977 | D:8      | Noticed a centaur warrior
  8000 | D:8      | Killed a centaur warrior
  8460 | D:8      | Reached skill level 11 in Fighting
  8514 | D:8      | Found a blossoming altar of Fedhas.
  8535 | D:8      | Found a runed translucent door.
  8535 | D:8      | Found a runed translucent door.
  8535 | D:8      | Noticed a deep elf mage
  8752 | D:8      | Killed a deep elf mage
  8869 | D:8      | Killed from afar by an efreet

Levels and vault maps discovered:
D:1:      saegor_arrival_simple_e, layout_basic, serial_forest,
          infiniplex_forest_straight_2, infiniplex_forest_clump_medium,
          infiniplex_forest_clump_cross, infiniplex_forest_straight_4,
          infiniplex_forest_lined_corner, infiniplex_forest_clump_small
D:2:      layout_loops_ring
D:3:      layout_rooms
D:4:      layout_rooms, minmay_temple_entry_mini_moons, first_ration,
          kennysheep_cluttered_room, patterned_corridor
D:5:      layout_loops_cross, serial_shops, nicolae_shop_crystal, shop,
          nicolae_shop_window_shopping, shop, serial_bayou_pond_b
D:6:      layout_loops_ring, chequers_garden, fedhas_altar_fruit_tree
D:7:      layout_loops_ring, nicolae_gozag_seed_capital, serial_shops, shop,
          uniq_crazy_yiuf_cottage
D:8:      minmay_the_grid_triangle_9x9_recursive_2
          [minmay_the_grid_triangle_9x9_prize_center,
          minmay_the_grid_triangle_9x9_pentomino_pain,
          minmay_the_grid_triangle_9x9_tough_junction,
          minmay_the_grid_triangle_9x9_shrine], layout_loops_ring,
          due_lair_maze_entry_diamond, serial_shops, shop,
          hangedman_little_slice_of_home
Temple:   nicolae_temple_the_god_donut

Skill      XL: |  1  2  3  4  5  6  7  8  9 10 |
---------------+-------------------------------+-----
Fighting       | 4 5 6 7 8 10 11 | 11.0
Dodging        | 3 4 5 6 7 9 |  9.2
Shields        | 3 5 |  5.1
Evocations     | 1 0 |  0.0
Short Blades   | |  3.0

Action                   |  1- 3 |  4- 6 |  7- 9 | 10-12 || total
-------------------------+-------+-------+-------+-------++-------
Melee: Short sword       |    60 |   152 |   134 |       ||   346
       Constrict         |    17 |    35 |    52 |     6 ||   110
       Tentacles         |     7 |    24 |    62 |    19 ||   112
       Spear             |       |       |   161 |    92 ||   253
Invok: Sacrifice Essence |       |       |     1 |       ||     1
       Sacrifice Artific |       |       |       |     1 ||     1
Evoke: Wand              |       |       |     6 |       ||     6
  Use: Scroll            |       |       |    12 |       ||    12
       Potion            |       |       |       |     5 ||     5
 Stab: Sleeping          |     6 |     6 |     7 |       ||    19
       Petrifying        |     1 |       |       |       ||     1
       Petrified         |       |       |     3 |       ||     3
       Distracted        |       |       |     1 |     2 ||     3
       Invisible         |       |       |       |     2 ||     2
  Eat: Chunk             |     1 |     6 |    15 |     3 ||    25
Armor: Skin              |     2 |    21 |    28 |     5 ||    56
Dodge: Dodged            |    37 |   120 |   163 |    52 ||   372
Block: Buckler           |       |     1 |    51 |    19 ||    71

Table legend:
 A = Non-vault XP
 B = Vault XP
 C = Vault XP percentage of total XP
 D = Non-vault monster count
 E = Vault monster count
 F = Vault count percentage of total count
                 A         B        C        D         E       F
            +---------+---------+-------+---------+---------+-------
      Total |    3698 |    2870 |  43.7 |     156 |      31 |  16.6
            +---------+---------+-------+---------+---------+-------
        D:1 |      51 |       0 |   0.0 |      28 |       0 |   0.0
        D:2 |      80 |       0 |   0.0 |      27 |       0 |   0.0
        D:3 |     313 |       0 |   0.0 |      20 |       0 |   0.0
        D:4 |     420 |       0 |   0.0 |      23 |       0 |   0.0
        D:5 |     415 |      53 |  11.3 |      17 |       3 |  15.0
        D:6 |     401 |       0 |   0.0 |      11 |       0 |   0.0
        D:7 |     788 |      40 |   4.8 |      22 |       1 |   4.3
        D:8 |    1230 |    2777 |  69.3 |       8 |      27 |  77.1
            +---------+---------+-------+---------+---------+-------
